 Dungeon Crawl Stone Soup version 0.19-a0-713-g934ebc7 (webtiles) character file.

44 Niuu the Conjurer (level 3, 0/24 HPs)
             Began as a Mummy Fire Elementalist on June 20, 2016.
             Slain by a goblin (4 damage)
             ... led by Robin
             ... on level 1 of the Dungeon.
             The game lasted 00:04:57 (781 turns).

Niuu the Conjurer (Mummy Fire Elementalist)          Turns: 781, Time: 00:04:58

Health: 0/24       AC:  2    Str: 12    XL:     3   Next: 41%
Magic:  1/6        EV: 12    Int: 14    God:
Gold:   27         SH:  0    Dex: 12    Spells: 1 memorised, 5 levels left

rFire  x . .     SeeInvis .     d - +4 short sword (flame)
rCold  + . .     Gourm    .     a - +0 robe
rNeg   + + +     Faith    .     (no shield)
rPois  ∞         Spirit   .     (no helmet)
rElec  .         Dismiss  .     (no cloak)
rCorr  .         Reflect  .     (no gloves)
SustAt .         Harm     .     (no boots)
MR     .....                    (no amulet)
Stlth  ++........               (no ring)
                                (no ring)

@: not resistant to hostile enchantments, unstealthy
A: no food or potions, fire vulnerability, cold resistance 1, negative energy
resistance 3, torment resistance, unbreathing
a: no special abilities


You were on level 1 of the Dungeon.
You were not hungry.

You visited 1 branch of the dungeon, and saw 2 of its levels.

You collected 27 gold pieces.

Inventory:

Hand Weapons
 d - a +4 short sword of flaming (weapon)
Armour
 a - a +0 robe (worn)
Scrolls
 e - a scroll of enchant armour
Books
 b - a book of Flames

   Spells                             Type                      Level
   a - Flame Tongue                   Conjuration/Fire             1
   b - Throw Flame                    Conjuration/Fire             2
   c - Conjure Flame                  Conjuration/Fire             3
   d - Inner Flame                    Hexes/Fire                   3
   e - Sticky Flame                   Conjuration/Fire             4
   f - Fireball                       Conjuration/Fire             5


   Skills:
 - Level 1.5 Dodging
 - Level 1.5 Stealth
 - Level 2.0 Spellcasting
 + Level 2.7 Conjurations
 - Level 2.4 Fire Magic


You had 5 spell levels left.
You knew the following spells:

 Your Spells              Type           Power        Failure   Level  Hunger
z - Flame Tongue          Conj/Fire      #....        10%         1    N/A

Dungeon Overview and Level Annotations

Branches:
Dungeon (2/15)

Altars:

Annotations:
D:2 Robin


Innate Abilities, Weirdness & Mutations

You do not eat or drink.
Your flesh is vulnerable to fire.
You are immune to poison.
Your flesh is cold resistant. (rC+)
You are immune to negative energy. (rN+++)
You are immune to unholy pain and torment.
You can survive without breathing.


Message History

Press: ? - help, Shift-Dir - straight line, f - goblin
Aim: a goblin The flame tongue misses the goblin.
The goblin hits you. The goblin hits you but does no damage.
The goblin hits you.
* * * LOW HITPOINT WARNING * * *
You climb upwards.
There is a stone staircase leading down here.
Casting: Flame Tongue
Confirm with . or Enter, or press ? or * to list all spells.
Aiming: Flame Tongue
Press: ? - help, Shift-Dir - straight line, f - goblin
Aim: a goblin The flame tongue hits the goblin.
The goblin is severely wounded.
The goblin hits you but does no damage. The goblin hits you.
* * * LOW HITPOINT WARNING * * *
You closely miss the goblin.
The goblin is severely wounded.
The goblin barely misses you. The goblin hits you.
You die...

..# ##########...### #
.############# ##.###############
.............# #.##...........##
.###########.# #.##.#########.##
..........##.# ##.##.#########.##
.########.##.# #......##.........
.##### #.##.###...(#....#####..#
.....####.##...#.g....########..#
................@....## #.......#
####)###.#####...g#### #.#####.#
.###(# #.# #..### #.# #..
#.##(###.#####..# #.# ###
##.(............# #.#
#.##.##...###...# #.# .###..#.#.#
#.### #.# #######.#'# #.# #.#
...###...## #.# #.#


You could see 2 goblins.

Vanquished Creatures
  An adder (D:2)
  3 dart slugs (D:1)
  2 giant geckos (D:1)
  A giant cockroach (D:1)
  4 goblins
  3 hobgoblins
  3 jackals (D:1)
  A bat (D:1)
  3 giant newts
  2 kobolds (D:1)
  5 rats
28 creatures vanquished.

Notes
Turn   | Place    | Note
--------------------------------------------------------------
     0 | D:1      | Niuu the Mummy Fire Elementalist began the quest for the Orb.
     0 | D:1      | Reached XP level 1. HP: 13/13 MP: 3/3
    34 | D:1      | Reached skill level 1 in Conjurations
   139 | D:1      | Reached XP level 2. HP: 19/19 MP: 1/5
   695 | D:1      | Reached XP level 3. HP: 24/24 MP: 2/6
   759 | D:2      | Noticed Robin
   781 | D:1      | Slain by a goblin

Vault maps used:
D:1:      lemuel_arrival_rhombus
D:2:      hangedman_feature_mirror, uniq_terence, uniq_robin

Skill      XL: |  1  2 |
---------------+-------+-----
Conjurations   | 1 2 |  2.7
Dodging        | |  1.5
Stealth        | |  1.5
Spellcasting   | |  2.0
Fire Magic     | |  2.4

Action                   || total
-------------------------++-------
Melee: Short sword       ||    24
 Cast: Flame Tongue      ||    33
  Use: Scroll            ||     1
 Stab: Sleeping          ||     2
Armor: Robe              ||     1
Dodge: Dodged            ||    17
